| TOP OF THE 1ST |
|
Atlanta (MID) Braves batting - Pitching for Dayton Dragons : LHP Josue Silva
|
|
Pitching: LHP Josue Silva
|
|
|
Batting: LHB Ricardo Sandoval
|
0-0: Swinging Strike 0-1: Ball 1-1: Foul Ball, location: 2F 1-2: Strikes out looking
|
|
Batting: RHB Chris Trites
|
0-0: Ball 1-0: Swinging Strike 1-1: Foul Ball, location: 2F 1-2: Ball 2-2: Ground out 6-3 (Groundball, 6MD, EV 88.1 MPH)
|
|
Batting: LHB Tamaichi Sasada
|
0-0: Called Strike 0-1: Fly out, F8 (Flyball, 8LXD, EV 105.0 MPH)
|
| Top of the 1st over - 0 runs, 0 hits, 0 errors, 0 left on base; Atlanta (MID) 0 - Dayton 0 |
| BOTTOM OF THE 1ST |
|
Dayton Dragons batting - Pitching for Atlanta (MID) Braves : RHP Gabe Fillmore
|
|
Pitching: RHP Gabe Fillmore
|
|
|
Batting: RHB Toki Takeuchi
|
0-0: Called Strike 0-1: Foul Ball, location: 2F 0-2: DOUBLE (Line Drive, 3D, EV 109.4 MPH)
|
|
Batting: RHB Logan Johnson
|
0-0: Ball Toki Takeuchi is caught stealing 3rd base 2-5 1-0: Ball 2-0: Foul Ball, location: 2F 2-1: Ball 3-1: Foul Ball, location: 2F 3-2: Foul Ball, location: 2F 3-2: Ground out 6-3 (Groundball, 6MS, EV 69.4 MPH)
|
|
Batting: SHB Jaivata Mohanty
|
0-0: Called Strike 0-1: Foul Ball, location: 2F 0-2: Ball 1-2: Strikes out looking
|
| Bottom of the 1st over - 0 runs, 1 hit, 0 errors, 0 left on base; Atlanta (MID) 0 - Dayton 0 |
| TOP OF THE 2ND |
|
Atlanta (MID) Braves batting - Pitching for Dayton Dragons : LHP Josue Silva
|
|
Batting: RHB Josh McCormick
|
0-0: Ball 1-0: Ball 2-0: Ball 3-0: Called Strike 3-1: Base on Balls
|
|
Batting: SHB Brett McEwen
|
0-0: Ball 1-0: Grounds into double play, 5-4-3 (Groundball, 56, EV 84.4 MPH)
|
|
Batting: RHB Costantino Dolfini
|
0-0: Ball 1-0: Ground out 6-3 (Groundball, 6MS, EV 94.4 MPH)
|
| Top of the 2nd over - 0 runs, 0 hits, 0 errors, 0 left on base; Atlanta (MID) 0 - Dayton 0 |
| BOTTOM OF THE 2ND |
|
Dayton Dragons batting - Pitching for Atlanta (MID) Braves : RHP Gabe Fillmore
|
|
Batting: RHB Alex Villagomez
|
0-0: Fly out, F7 (Flyball, 7, EV 88.8 MPH)
|
|
Batting: LHB Kelvin Jones
|
0-0: Swinging Strike 0-1: SINGLE (Groundball, 6S, EV 75.0 MPH) (infield hit)
|
|
Batting: RHB Alex Juarez
|
0-0: Called Strike 0-1: Ball Kelvin Jones steals 2nd base 1-1: Ball 2-1: Ground out 4-3 (Groundball, 4, EV 84.4 MPH) Kelvin Jones to third
|
|
Batting: LHB Elias Posada
|
0-0: Ball 1-0: Foul Ball, location: 2F 1-1: DOUBLE (Line Drive, 89M, EV 105.6 MPH) Kelvin Jones scores
|
|
Batting: RHB Gabriel Arias
|
0-0: Called Strike 0-1: Ball 1-1: Fly out, F8 (Line Drive, 8LM, EV 107.5 MPH)
|
| Bottom of the 2nd over - 1 run, 2 hits, 0 errors, 1 left on base; Atlanta (MID) 0 - Dayton 1 |
| TOP OF THE 3RD |
|
Atlanta (MID) Braves batting - Pitching for Dayton Dragons : LHP Josue Silva
|
|
Batting: RHB Nick Holsinger
|
0-0: Called Strike 0-1: Hit by Pitch
|
|
Batting: RHB Alex Campos
|
Pickoff Throw to First - Out! 1-3 0-0: Foul Ball, location: 2F 0-1: Ball 1-1: Foul Ball, location: 2F 1-2: Ball 2-2: SINGLE (Line Drive, 4D, EV 95.6 MPH)
|
|
Batting: RHB Adonis Jenifer
|
0-0: Foul Ball, location: 2F 0-1: Ball 1-1: Ball 2-1: Ball 3-1: SINGLE (Groundball, 4MD, EV 104.4 MPH) Alex Campos to second
|
|
Batting: LHB Ricardo Sandoval
|
0-0: Foul Ball, location: 2F 0-1: Fly out, F5 (Popup, P, EV 71.9 MPH)
|
|
Batting: RHB Chris Trites
|
0-0: Called Strike 0-1: SINGLE (Groundball, 34D, EV 110.0 MPH) Alex Campos to third Adonis Jenifer to second Runner from 3rd tries for Home, SAFE, throw by RF to home
|
|
Batting: LHB Tamaichi Sasada
|
0-0: Fly out, F7 (Flyball, 7D, EV 92.5 MPH)
|
| Top of the 3rd over - 1 run, 3 hits, 0 errors, 2 left on base; Atlanta (MID) 1 - Dayton 1 |
| BOTTOM OF THE 3RD |
|
Dayton Dragons batting - Pitching for Atlanta (MID) Braves : RHP Gabe Fillmore
|
|
Batting: RHB John Hopkins
|
0-0: Ball 1-0: Foul Ball, location: 2F 1-1: Swinging Strike 1-2: Strikes out swinging
|
|
Batting: RHB Toki Takeuchi
|
0-0: Ball 1-0: Called Strike 1-1: Ball 2-1: Foul Ball, location: 2F 2-2: Strikes out swinging
|
|
Batting: RHB Logan Johnson
|
0-0: Ball 1-0: Foul Ball, location: 2F 1-1: Ball 2-1: Ball 3-1: Foul Ball, location: 2F 3-2: Ground out 4-3 (Groundball, 4, EV 88.1 MPH)
|
| Bottom of the 3rd over - 0 runs, 0 hits, 0 errors, 0 left on base; Atlanta (MID) 1 - Dayton 1 |
| TOP OF THE 4TH |
|
Atlanta (MID) Braves batting - Pitching for Dayton Dragons : LHP Josue Silva
|
|
Batting: RHB Josh McCormick
|
0-0: Called Strike 0-1: Ball 1-1: Ball 2-1: Foul Ball, location: 2F 2-2: Foul Ball, location: 2F 2-2: Ball 3-2: Strikes out swinging
|
|
Batting: SHB Brett McEwen
|
0-0: Called Strike 0-1: Ball 1-1: Called Strike 1-2: Strikes out looking
|
|
Batting: RHB Costantino Dolfini
|
0-0: Called Strike 0-1: Ball 1-1: Ball 2-1: Foul Ball, location: 2F 2-2: Fly out, F7 (Flyball, 7LM, EV 80.0 MPH)
|
| Top of the 4th over - 0 runs, 0 hits, 0 errors, 0 left on base; Atlanta (MID) 1 - Dayton 1 |
| BOTTOM OF THE 4TH |
|
Dayton Dragons batting - Pitching for Atlanta (MID) Braves : RHP Gabe Fillmore
|
|
Batting: SHB Jaivata Mohanty
|
0-0: Ball 1-0: Called Strike 1-1: Ball 2-1: Foul Ball, location: 2F 2-2: Fly out, F8 (Flyball, 78M, EV 81.9 MPH)
|
|
Batting: RHB Alex Villagomez
|
0-0: Ball 1-0: Ball 2-0: Called Strike 2-1: Called Strike 2-2: Reached on error, E6 (Groundball, 6MS, EV 85.6 MPH)
|
|
Batting: LHB Kelvin Jones
|
0-0: Called Strike 0-1: Ball 1-1: Foul Ball, location: 2F 1-2: Foul Ball, location: 2F 1-2: Fly out, F7 (Line Drive, 78M, EV 100.0 MPH)
|
|
Batting: RHB Alex Juarez
|
0-0: DOUBLE (Flyball, 8LXD, EV 100.0 MPH) Alex Villagomez to third Runner from 3rd tries for Home, SAFE, throw by CF to home
|
|
Batting: LHB Elias Posada
|
0-0: Ball 1-0: DOUBLE (Flyball, 89XD, EV 108.8 MPH) Alex Juarez scores
|
|
Batting: RHB Gabriel Arias
|
0-0: Fly out, F9 (Flyball, 89S, EV 86.2 MPH)
|
| Bottom of the 4th over - 2 runs, 2 hits, 1 error, 1 left on base; Atlanta (MID) 1 - Dayton 3 |
| TOP OF THE 5TH |
|
Atlanta (MID) Braves batting - Pitching for Dayton Dragons : LHP Josue Silva
|
|
Batting: RHB Nick Holsinger
|
0-0: Ground out 3-1 (Groundball, 34, EV 83.1 MPH)
|
|
Batting: RHB Alex Campos
|
0-0: Ball 1-0: Ball 2-0: Ball 3-0: Called Strike 3-1: Foul Ball, location: 2F 3-2: Foul Ball, location: 2F 3-2: Base on Balls
|
|
Batting: RHB Adonis Jenifer
|
0-0: Ball 1-0: Foul Ball, location: 2F 1-1: SINGLE (Line Drive, 4MD, EV 109.4 MPH) Alex Campos to second
|
|
Batting: LHB Ricardo Sandoval
|
0-0: Called Strike 0-1: Swinging Strike 0-2: Strikes out looking
|
|
Batting: RHB Chris Trites
|
0-0: Ball 1-0: SINGLE (Line Drive, 3D, EV 96.9 MPH) Alex Campos to third Adonis Jenifer to second Runner from 3rd tries for Home, SAFE, throw by RF to home
|
|
Batting: LHB Tamaichi Sasada
|
0-0: Called Strike 0-1: Foul Ball, location: 2F 0-2: Fly out, F8 (Flyball, 8RD, EV 86.2 MPH)
|
| Top of the 5th over - 1 run, 2 hits, 0 errors, 2 left on base; Atlanta (MID) 2 - Dayton 3 |
| BOTTOM OF THE 5TH |
|
Dayton Dragons batting - Pitching for Atlanta (MID) Braves : RHP Gabe Fillmore
|
|
Batting: RHB John Hopkins
|
0-0: Ball 1-0: Foul Ball, location: 2F 1-1: Ground out 4-3 (Groundball, 4, EV 79.4 MPH)
|
|
Batting: RHB Toki Takeuchi
|
0-0: Called Strike 0-1: Foul Ball, location: 2F 0-2: Strikes out looking
|
|
Batting: RHB Logan Johnson
|
0-0: Single, Error in OF, E8, batter to second base (Groundball, 4MD, EV 106.2 MPH)
|
|
Batting: SHB Jaivata Mohanty
|
0-0: Ball 1-0: Foul Ball, location: 2F 1-1: Ball Wild Pitch! Logan Johnson to third 2-1: Ball 3-1: Foul Ball, location: 2F 3-2: Ground out U3 (Groundball, 34, EV 105.0 MPH)
|
| Bottom of the 5th over - 0 runs, 1 hit, 1 error, 1 left on base; Atlanta (MID) 2 - Dayton 3 |
| TOP OF THE 6TH |
|
Atlanta (MID) Braves batting - Pitching for Dayton Dragons : LHP Josue Silva
|
|
Batting: RHB Josh McCormick
|
0-0: Foul Ball, location: 2F 0-1: Swinging Strike 0-2: Fly out, F7 (Line Drive, 7, EV 97.5 MPH)
|
|
Batting: SHB Brett McEwen
|
0-0: Called Strike 0-1: Called Strike 0-2: Strikes out looking
|
|
Batting: RHB Costantino Dolfini
|
0-0: Ball 1-0: Ground out 6-3 (Groundball, 6, EV 101.2 MPH)
|
| Top of the 6th over - 0 runs, 0 hits, 0 errors, 0 left on base; Atlanta (MID) 2 - Dayton 3 |
| BOTTOM OF THE 6TH |
|
Dayton Dragons batting - Pitching for Atlanta (MID) Braves : RHP Gabe Fillmore
|
|
Batting: RHB Alex Villagomez
|
0-0: Ball 1-0: Ground out 6-3 (Groundball, 6, EV 88.8 MPH)
|
|
Batting: LHB Kelvin Jones
|
0-0: Swinging Strike 0-1: Ball 1-1: Ball 2-1: Foul Ball, location: 2F 2-2: Strikes out looking
|
|
Batting: RHB Alex Juarez
|
0-0: Called Strike 0-1: Ball 1-1: Foul Ball, location: 2F 1-2: Strikes out swinging, 2-3 out at first.
|
| Bottom of the 6th over - 0 runs, 0 hits, 0 errors, 0 left on base; Atlanta (MID) 2 - Dayton 3 |
| TOP OF THE 7TH |
|
Atlanta (MID) Braves batting - Pitching for Dayton Dragons : LHP Josue Silva
|
|
Batting: RHB Nick Holsinger
|
0-0: Ball 1-0: Ground out 6-3 (Groundball, 6M, EV 81.2 MPH)
|
|
Batting: RHB Alex Campos
|
0-0: Called Strike 0-1: Called Strike 0-2: Ball 1-2: Foul Ball, location: 2F 1-2: SOLO HOME RUN (Line Drive, 7LD, EV 99.4 MPH), Distance : 379 ft
|
|
Pitching: RHP Kevin Larner
|
|
|
Batting: RHB Adonis Jenifer
|
0-0: Ball 1-0: Called Strike 1-1: Ball 2-1: Foul Ball, location: 2F 2-2: Strikes out swinging
|
|
Pitching: LHP Haunani Moritiica
|
|
|
Batting: LHB Ricardo Sandoval
|
0-0: Swinging Strike 0-1: Ball 1-1: DOUBLE (Groundball, 3L, EV 102.5 MPH)
|
|
Batting: RHB Chris Trites
|
0-0: Swinging Strike 0-1: Swinging Strike 0-2: Foul Ball, location: 2F 0-2: Ball 1-2: Strikes out swinging
|
| Top of the 7th over - 1 run, 2 hits, 0 errors, 1 left on base; Atlanta (MID) 3 - Dayton 3 |
| BOTTOM OF THE 7TH |
|
Dayton Dragons batting - Pitching for Atlanta (MID) Braves : RHP Gabe Fillmore
|
|
Batting: LHB Elias Posada
|
0-0: Ball 1-0: Foul Ball, location: 2F 1-1: Ball 2-1: Swinging Strike 2-2: Fly out, F5 (Popup, 5F, EV 83.8 MPH)
|
|
Batting: RHB Gabriel Arias
|
0-0: Fly out, F8 (Line Drive, 89D, EV 99.4 MPH)
|
|
Batting: RHB John Hopkins
|
0-0: Called Strike 0-1: Ball 1-1: Swinging Strike 1-2: Ball 2-2: Strikes out swinging
|
| Bottom of the 7th over - 0 runs, 0 hits, 0 errors, 0 left on base; Atlanta (MID) 3 - Dayton 3 |
| TOP OF THE 8TH |
|
Atlanta (MID) Braves batting - Pitching for Dayton Dragons : LHP Haunani Moritiica
|
|
Batting: LHB Tamaichi Sasada
|
0-0: Hit by Pitch
|
|
Batting: RHB Josh McCormick
|
0-0: Ball 1-0: Ball 2-0: Ball 3-0: Called Strike 3-1: Fielders Choice at 2nd, 5-4 (Groundball, 56S, EV 83.1 MPH)
|
|
Batting: SHB Brett McEwen
|
0-0: Ball 1-0: Swinging Strike 1-1: Foul Ball, location: 2F 1-2: Strikes out swinging
|
|
Batting: RHB Costantino Dolfini
|
0-0: Ball 1-0: DOUBLE (Line Drive, 9LM, EV 109.4 MPH) Josh McCormick to third
|
|
Batting: RHB Nick Holsinger
|
0-0: Ball 1-0: Ball 2-0: Called Strike 2-1: Ball 3-1: Foul Ball, location: 2F 3-2: Strikes out swinging
|
| Top of the 8th over - 0 runs, 1 hit, 0 errors, 2 left on base; Atlanta (MID) 3 - Dayton 3 |
| BOTTOM OF THE 8TH |
|
Dayton Dragons batting - Pitching for Atlanta (MID) Braves : RHP Gabe Fillmore
|
|
Batting: RHB Toki Takeuchi
|
0-0: Ball 1-0: Foul Ball, location: 2F 1-1: Ball 2-1: Ball 3-1: Base on Balls
|
|
Pitching: RHP Jessie Mattei
|
|
|
Batting: RHB Logan Johnson
|
0-0: Ball 1-0: Ground out 5-3 (Groundball, 56S, EV 75.0 MPH) Toki Takeuchi to second
|
|
Batting: SHB Jaivata Mohanty
|
0-0: Intentional Walk
|
|
Batting: RHB Alex Villagomez
|
0-0: Called Strike 0-1: SINGLE (Groundball, 56D, EV 101.2 MPH) Toki Takeuchi to third Jaivata Mohanty to second Runner from 3rd tries for Home, throw by LF and OUT! 7-2 Jaivata Mohanty to third Alex Villagomez to second
|
|
Batting: LHB Kelvin Jones
|
0-0: Fly out, F9 (Line Drive, 9D, EV 93.8 MPH)
|
| Bottom of the 8th over - 0 runs, 1 hit, 0 errors, 2 left on base; Atlanta (MID) 3 - Dayton 3 |
| TOP OF THE 9TH |
|
Atlanta (MID) Braves batting - Pitching for Dayton Dragons : LHP Haunani Moritiica
|
|
Pitching: LHP Juan Villegas
|
|
|
Batting: RHB Alex Campos
|
0-0: Ball 1-0: Ball 2-0: Swinging Strike 2-1: Ball 3-1: Foul Ball, location: 2F 3-2: Strikes out swinging
|
|
Batting: RHB Adonis Jenifer
|
0-0: Called Strike 0-1: Ball 1-1: Foul Ball, location: 2F 1-2: Foul Ball, location: 2F 1-2: Ball 2-2: Foul Ball, location: 2F 2-2: Strikes out swinging
|
|
Batting: LHB Ricardo Sandoval
|
0-0: Ball 1-0: Ball 2-0: Foul Ball, location: 2F 2-1: Ball 3-1: SINGLE (Line Drive, 4D, EV 99.4 MPH)
|
|
Batting: RHB Chris Trites
|
0-0: Ball 1-0: Ball 2-0: Foul Ball, location: 2F 2-1: Called Strike Ricardo Sandoval steals 2nd base 2-2: Ball 3-2: Intentional Walk
|
|
Batting: LHB Tamaichi Sasada
|
0-0: Ball 1-0: Fly out, F8 (Flyball, 8RD, EV 105.0 MPH)
|
| Top of the 9th over - 0 runs, 1 hit, 0 errors, 2 left on base; Atlanta (MID) 3 - Dayton 3 |
| BOTTOM OF THE 9TH |
|
Dayton Dragons batting - Pitching for Atlanta (MID) Braves : RHP Jessie Mattei
|
|
Pinch Hitting: LHB Jeremy Robertson
|
0-0: SOLO HOME RUN (Line Drive, 9D, EV 97.5 MPH), Distance : 380 ft
|
| Bottom of the 9th over - 1 run, 1 hit, 0 errors, 0 left on base; Atlanta (MID) 3 - Dayton 4 |
|